Cogmind - Beta 14 @@@ ROGUE MODE // 2024.10.13 @ 18:52:03 Player: APerTAS Result: Destroyed by Cetus Guard with Advanced KE Penetrator Performance ------------- Evolutions (4) 2000 Regions Visited (13) 2600 Robots Destroyed (150) 750 Value Destroyed (5141) 5141 Prototype IDs (32) 640 Alien Tech Used (0) 0 Bonus (1429) 1429 TOTAL SCORE: 12560 Bonus ------- High Alert Combat Kills 215 Follower Combat Kills 1195 Aligned with FarCom 300 Friendly Fire -281 Cogmind --------- Core Integrity 0/850 Matter 278/300 Energy 99/100 System Corruption 3% Temperature Cool (0) Movement Core (50) Location -6/Cetus Parts ------- > --- POWER (1) -------- (None) > --- PROPULSION (3) --- (None) > --- UTILITY (8) ------ (None) > --- WEAPON (3) ------- (None) > --- INVENTORY (5) ---- Reinforced Deuterium Engine Armored Leg Precision Matter Filter Shock Absorption System Ripper Peak State ------------ > --- POWER ------------ Neutrino Core > --- PROPULSION ------- Armored Leg Armored Leg Armored Leg > --- UTILITY ---------- Medium Storage Unit Structural Scanner Advanced Signal Interpreter Advanced Targeting Computer Kinecellerator Improved Medium Armor Plating Layered Medium Armor Plating Hacking Suite > --- WEAPON ----------- Beamcaster Heavy Flak Cannon Ripper > --- INVENTORY -------- Reinforced Deuterium Engine Light Fission Core Advanced Treads Improved Medium Treads Recoil Stabilizer Precision Matter Filter Improved Light Armor Plating Shock Absorption System Gatling Laser Improved Grenade Launcher [Rating: 65] Favorites ----------- Power Improved Ion Engine Engine Improved Ion Engine Power Core Enhanced Nuclear Core Propulsion Light Treads Treads Light Treads Leg Armored Leg Wheel Armored Wheel Utility Medium Storage Unit Device Structural Scanner Storage Medium Storage Unit Processor Advanced Targeting Computer Hackware Hacking Suite Protection Core Shielding Weapon AWS/Gauss Energy Gun Spread Laser Energy Cannon Particle Cannon Ballistic Gun AWS/Gauss Ballistic Cannon Gauss Cannon Launcher Improved Grenade Launcher Slashing Weapon Ripper Build | -11 -10 -10 -9 -9 -9 -8 -8 -7 -7 -7 -6 -6 -6 ------- Run | Yrd Mat Min Mat Min Exi Min Mat Fac Low Low Fac Ext Cet Slots Evolved 8 | . . . 2 . . . 2 2 . . 2 . . Power . | . . . . . . . . . . . . . . Propulsion 1 | . . . . . . . . . . . 1 . . Utility 6 | . . . 2 . . . 1 2 . . 1 . . Weapon 1 | . . . . . . . 1 . . . . . . Parts Attached 121 | 6 21 . 25 5 . . 7 7 1 6 15 20 8 Power 15 | 1 6 . 3 1 . . 1 . . . 1 2 . Engine 13 | 1 6 . 3 1 . . 1 . . . . 1 . Core 2 | . . . . . . . . . . . 1 1 . Reactor . | . . . . . . . . . . . . . . Propulsion 24 | 2 6 . 5 1 . . 2 . . . 6 . 2 Treads 16 | 2 6 . 5 1 . . . . . . . . 2 Leg 6 | . . . . . . . . . . . 6 . . Wheel 2 | . . . . . . . 2 . . . . . . Hover . | . . . . . . . . . . . . . . Flight . | . . . . . . . . . . . . . . Utility 45 | 1 4 . 11 2 . . 2 6 1 4 6 7 1 Device 12 | . . . 3 2 . . . 2 . 1 3 1 . Storage 2 | 1 . . 1 . . . . . . . . . . Processor 4 | . . . . . . . . 1 . . 2 1 . Hackware 2 | . . . . . . . . 1 . . . 1 . Protection 25 | . 4 . 7 . . . 2 2 1 3 1 4 1 Artifact . | . . . . . . . . . . . . . . Weapon 37 | 2 5 . 6 1 . . 2 1 . 2 2 11 5 Energy Gun 8 | . . . 1 . . . . . . 1 1 3 2 Energy Cannon 2 | . 2 . . . . . . . . . . . . Ballistic Gun 14 | 2 3 . 5 . . . 2 1 . . . 1 . Ballistic Cannon 7 | . . . . . . . . . . 1 1 4 1 Launcher 4 | . . . . 1 . . . . . . . 2 1 Special Weapon . | . . . . . . . . . . . . . . Impact Weapon . | . . . . . . . . . . . . . . Slashing Weapon 2 | . . . . . . . . . . . . 1 1 Piercing Weapon . | . . . . . . . . . . . . . . Special Melee Weapon . | . . . . . . . . . . . . . . Unidentified Prototypes 3 | . . . . . . . . . . 1 1 . 1 Parts Lost 21 | . 2 . 3 1 . . 1 1 1 . 2 5 5 Power 1 | . 1 . . . . . . . . . . . . Propulsion 3 | . . . . 1 . . . . . . . . 2 Utility 10 | . 1 . 2 . . . 1 1 1 . 1 2 1 Weapon 7 | . . . 1 . . . . . . . 1 3 2 Highest Loss Streak 2 | . 2 . 2 1 . . 1 1 1 . 1 2 2 To Critical Strikes 2 | . . . . . . . . . . . . 1 1 Average Slot Usage (%) 95 | . 98 100 99 96 100 100 88 91 90 97 95 97 87 Engine 7 | . 13 14 11 11 11 11 9 7 7 7 2 1 . Core 1 | . . . . . . . . . . . 3 4 5 Treads 11 | . 27 28 22 21 22 22 4 . . . . . 10 Leg 4 | . . . . . . . . . . . 12 20 2 Wheel 3 | . . . . . . . 13 15 15 15 4 . . Device 13 | . . . 10 18 22 22 14 12 15 20 24 17 11 Storage 9 | . 14 14 11 11 11 11 9 7 7 7 6 6 5 Processor 3 | . . . . . . . . . 4 . 8 14 12 Protection 16 | . 13 14 21 11 11 11 20 29 24 25 10 10 12 Energy Gun 3 | . . . 9 4 . . . . . 4 6 2 6 Energy Cannon 2 | . 11 14 1 . . . . . . . . . . Ballistic Gun 10 | . 16 14 11 11 11 11 18 15 15 8 3 2 . Ballistic Cannon 2 | . . . . . . . . . . 6 8 8 4 Launcher 1 | . . . . 6 11 11 . . . . . 1 . Peak Build Rating 65 | 6 10 10 15 19 20 20 40 45 46 47 60 65 63 Average Rating 33 | 4 9 10 13 17 19 20 37 43 44 44 54 60 56 On Entrance 28 | . 6 10 10 15 19 20 20 40 45 46 47 60 63 Naked Turns 33 | . . . . . . . . . . . . . 33 Heaviest Build 65 | 13 22 22 28 29 29 29 55 59 60 65 64 60 58 Greatest Support 60 | 40 40 40 43 43 43 43 43 24 24 24 60 48 52 Greatest Overweight (x) 18 | . 1 . . . . . 2 2 2 2 18 1 2 Average Overweight (x) . | . . . . . . . 1 2 2 2 . . . Largest Inventory Capacity 10 | 8 8 8 10 10 10 10 10 10 10 10 10 10 10 Average Capacity 9 | 7 8 8 8 10 10 10 10 10 10 10 10 10 9 Most Carried 10 | 4 8 8 10 10 10 10 10 10 10 10 10 10 10 Average Carried 9 | 2 7 8 8 9 9 10 9 9 10 9 9 9 9 Final Capacity 10 | 8 8 8 10 10 10 10 10 10 10 10 10 10 5 Final Carried 10 | 4 8 8 10 9 10 10 10 10 10 10 10 10 5 Class Distribution -------------------- 38% | Scavenger-Mutant 21% | Scavenger-Tank 16% | Mutant 11% | Scavenger-Gunner 3% | Commander-Mutant 3% | Scavenger-Skirmisher Dominant Class ---------------- Mutant | -10/Materials Mutant | -10/Mines Scavenger-Mutant | -9/Materials Scavenger-Mutant | -9/Mines Scavenger-Mutant | -9/Exiles Scavenger-Mutant | -8/Mines Scavenger-Skirmisher | -8/Materials Scavenger-Tank | -7/Factory Scavenger-Tank | -7/Lower Caves Scavenger-Tank | -7/Lower Caves Scavenger-Gunner | -6/Factory Scavenger-Gunner | -6/Extension Scavenger-Mutant | -6/Cetus Resources | -11 -10 -10 -9 -9 -9 -8 -8 -7 -7 -7 -6 -6 -6 ----------- Run | Yrd Mat Min Mat Min Exi Min Mat Fac Low Low Fac Ext Cet Matter Collected 3313 | 161 498 13 460 135 . 38 220 150 44 127 254 1046 167 Remotely . | . . . . . . . . . . . . . . Salvage Created 5475 | . 458 172 1050 220 . 103 1082 378 209 339 437 947 80 Parts 301 | . 33 14 64 18 . 6 63 11 14 10 35 29 4 Haulers Intercepted 4 | . 1 . 1 . . . 1 . . 1 . . . Recyclers Shooed 7 | . 1 . 4 . . . . . . . 2 . . Parts Field Recycled . | . . . . . . . . . . . . . . Retrieved Matter . | . . . . . . . . . . . . . . Parts Self-Destructed 23 | . . . . . . . . . 13 10 . . . Prevented 3 | . . . . . . . . . 3 . . . . Kills | -11 -10 -10 -9 -9 -9 -8 -8 -7 -7 -7 -6 -6 -6 ------- Run | Yrd Mat Min Mat Min Exi Min Mat Fac Low Low Fac Ext Cet Combat Hostiles Destroyed 117 | . 12 8 27 9 . 5 15 6 5 5 9 15 1 Guns 83 | . 10 4 21 9 . 2 15 6 5 4 3 3 1 Cannons 24 | . 2 4 6 . . . . . . 1 2 9 . AOE 10 | . . . . . . 3 . . . . 4 3 . Classes Destroyed 15 | . 5 . 2 . . . 4 2 . . 1 1 . Worker 2 | . . . . . . . . . . . 2 . . Builder 9 | . . . . . . . 4 . . . 4 1 . Tunneler 1 | . . . . . . . 1 . . . . . . Hauler 4 | . 1 . 1 . . . 1 . . 1 . . . Recycler 3 | . . . . . . . . . . . . 3 . Operator 4 | . 1 . 2 . . . 1 . . . . . . Watcher 10 | . 2 . 3 . . . 3 1 . . . 1 . Swarmer 25 | . 6 6 6 4 . 3 . . . . . . . Grunt 51 | . 6 2 11 5 . 1 7 2 4 5 2 6 . Brawler 5 | . . . . . . . . 2 . . 2 1 . Duelist 4 | . . . 1 . . 1 . . . . 1 1 . Sentry 20 | . . . 9 . . . 5 . . . 1 5 . Hunter 2 | . . . . . . . 2 . . . . . . Programmer 7 | . . . . . . . . 2 1 . 3 1 . Heavy 1 | . . . . . . . 1 . . . . . . Cetus Guard 1 | . . . . . . . . . . . . . 1 Thug 1 | . . . . . . . . . . . . 1 . Best Kill Streak 10 | . 3 5 4 4 . 5 10 4 4 6 8 4 1 Combat Bots Only 8 | . 3 5 4 4 . 5 8 4 4 5 4 4 1 Max Kills in Single Turn 7 | . 1 2 2 2 . 3 2 1 1 1 7 2 1 Gunslinging 1 | . . . . 1 . . . . . . . . . Exploded 3 | . . . . . . 2 . . . . 3 2 . Melee . | . . . . . . . . . . . . . . Uniques/NPCs Destroyed . | . . . . . . . . . . . . . . Combat | -11 -10 -10 -9 -9 -9 -8 -8 -7 -7 -7 -6 -6 -6 -------- Run | Yrd Mat Min Mat Min Exi Min Mat Fac Low Low Fac Ext Cet Hostile Shots Fired 713 | . 101 27 111 36 . 7 26 21 7 20 42 212 103 Missed 198 | . 24 8 28 6 . 1 3 9 2 5 16 62 34 Damage Taken 8002 | . 785 194 1080 315 . 129 458 191 81 212 773 1769 2015 Core 1231 | . 90 35 96 46 . . 39 10 . 41 102 151 621 Absorbed by Shields 28 | . . . . . . . . . . . . 16 12 Redirected to Shielding 165 | . . . 20 10 . . 8 2 . 19 106 . . Ignored by Resistances 142 | . . . . . . . 94 10 8 30 . . . Regen/Repaired (Parts) 165 | . 165 . . . . . . . . . . . . Core Remaining (%) 79 | 100 . 50 . . . 64 92 . . 92 . . . Volleys Fired 369 | . 106 13 87 20 . 7 25 19 5 11 15 41 20 Largest 3 | . 2 2 2 2 . 2 1 1 1 2 3 3 3 Hottest 191 | . 88 88 91 90 . 61 28 28 28 76 181 190 191 Shots Fired 761 | . 138 26 174 39 . 12 79 43 20 31 45 114 40 Gun 604 | . 126 13 154 39 . 7 79 43 20 29 29 33 32 Cannon 140 | . 12 13 20 . . . . . . 2 16 69 8 Launcher 17 | . . . . . . 5 . . . . . 12 . Special . | . . . . . . . . . . . . . . Kinetic 557 | . 126 13 87 20 . 7 79 43 20 31 30 93 8 Thermal 175 | . 12 13 87 19 . . . . . . 7 9 28 Explosive 17 | . . . . . . 5 . . . . . 12 . Electromagnetic 12 | . . . . . . . . . . . 8 . 4 Robot Hit Streak 20 | . 8 6 12 10 . 3 20 12 5 9 13 17 8 Robot Miss Streak 10 | . 6 2 9 10 . 4 2 6 4 4 7 6 4 Penetration Max 1 | . . . . . . . 1 . . 1 . 1 . Secondary Targets 7 | . 1 . 3 2 . . . . . . . . 1 Max Gunslinging Chain 1 | . 1 . 1 1 . . . . . . . . 1 Autonomous 112 | . . . . . . . 54 24 15 19 . . . Shots Hit Robots 517 | . 75 15 115 29 . 5 69 35 18 30 31 72 23 Core Hits 383 | . 33 11 101 30 . 5 33 15 11 24 41 73 6 Critical Kills 3 | . . . 1 . . . 1 . . . . 1 . Critical Parts Destroyed 11 | . . 1 . . . . 1 . . . . 8 1 Critical Strikes 21 | . . 1 1 . . . 2 . . . . 14 3 Burn 2 | . . . . . . . . . . . . . 2 Destroy 16 | . . 1 1 . . . 2 . . . . 11 1 Blast 3 | . . . . . . . . . . . . 3 . Melee Attacks 12 | . . . . . . . . . . . . . 12 Impact . | . . . . . . . . . . . . . . Slashing 12 | . . . . . . . . . . . . . 12 Piercing . | . . . . . . . . . . . . . . Sneak Attacks 1 | . . . . . . . . . . . . . 1 Combat Hostiles 1 | . . . . . . . . . . . . . 1 Follow-up Attacks . | . . . . . . . . . . . . . . Damage Inflicted 12878 | . 705 242 1775 404 . 332 2036 909 427 832 1535 3056 625 Guns 8381 | . 643 77 1510 404 . 66 2036 909 427 804 494 552 459 Cannons 2634 | . 62 165 265 . . . . . . 28 208 1859 47 Explosions 1744 | . . . . . . 266 . . . . 833 645 . Melee 95 | . . . . . . . . . . . . . 95 Ramming 24 | . . . . . . . . . . . . . 24 Kinetic 8561 | . 643 77 625 188 . 66 2036 909 427 832 468 2243 47 Thermal 2392 | . 62 165 1150 216 . . . . . . 182 158 459 Explosive 1680 | . . . . . . 266 . . . . 769 645 . Electromagnetic 116 | . . . . . . . . . . . 116 . . Impact 10 | . . . . . . . . . . . . 10 . Slashing 95 | . . . . . . . . . . . . . 95 Piercing . | . . . . . . . . . . . . . . Highest Corruption 5 | . . . . . . . . 5 1 1 . 1 3 Average Corruption 1 | . . . . . . . . 2 1 1 . 1 2 Corruption Purged 5 | . . . . . . . . 5 . . . . . Corruption Blocked . | . . . . . . . . . . . . . . Effects 25 | . . . . . . . . 3 3 2 . 11 6 Message Errors 5 | . . . . . . . . . . . . 3 2 Matter Fused 10 | . . . . . . . . . 2 2 . 4 2 Heat Flow Errors 5 | . . . . . . . . 1 . . . 3 1 Energy Discharges 2 | . . . . . . . . 1 . . . . 1 Data Loss (minor) 1 | . . . . . . . . . 1 . . . . Data Loss (major) 1 | . . . . . . . . 1 . . . . . Alerts 1 | . . . . . . . . . . . . 1 . Overload Shots . | . . . . . . . . . . . . . . Overflow Damage 80 | . . . . . . 26 . . . . 39 15 . Projectiles 15 | . . . . . . . . . . . . 15 . Explosions 65 | . . . . . . 26 . . . . 39 . . Melee . | . . . . . . . . . . . . . . Knockbacks 13 | . . . . . . . . . . . 1 11 1 Impact . | . . . . . . . . . . . . . . Kinetic 13 | . . . . . . . . . . . 1 11 1 Secondary . | . . . . . . . . . . . . . . Self-Inflicted Damage 439 | . . . . . . 41 . . . . 341 33 24 Shots 7 | . . . . . . 1 . . . . 5 1 . Rammed 1 | . . . . . . . . . . . . . 1 Targets Rammed 1 | . . . . . . . . . . . . . 1 Kicked . | . . . . . . . . . . . . . . Crushed . | . . . . . . . . . . . . . . Highest Temperature 470 | . 347 255 80 106 . 3 13 179 5 23 96 436 470 Average Temperature 81 | . 73 97 26 35 . 3 5 39 5 8 30 133 153 Received Heat Transfer 2085 | . 240 51 372 108 . 54 99 63 36 153 51 579 279 Effects 8 | . 1 . . . . . . . . . . 5 2 Shutdowns 1 | . . . . . . . . . . . . . 1 Interference 2 | . . . . . . . . . . . . 2 . Matter Decay 5 | . 1 . . . . . . . . . . 3 1 Siege Activations . | . . . . . . . . . . . . . . Robots Corrupted . | . . . . . . . . . . . . . . Combat Hostiles . | . . . . . . . . . . . . . . Parts Fried 1 | . . . . . . . . . . . . . 1 Impact Corruptions . | . . . . . . . . . . . . . . Robots Melted . | . . . . . . . . . . . . . . Combat Hostiles . | . . . . . . . . . . . . . . Parts Melted 1 | . . . . . . . . . . . . . 1 Heat Transferred 3999 | . 111 296 1596 270 . . . . . . 325 350 1051 Parts Sabotaged . | . . . . . . . . . . . . . . Parts Stolen . | . . . . . . . . . . . . . . Parts Stripped . | . . . . . . . . . . . . . . Power Chain Reactions 1 | . . . . . . . . . . . 1 . . Alert | -11 -10 -10 -9 -9 -9 -8 -8 -7 -7 -7 -6 -6 -6 ------- Run | Yrd Mat Min Mat Min Exi Min Mat Fac Low Low Fac Ext Cet Peak Influence 798 | . 143 217 543 426 . 159 360 234 . . 374 798 611 Initial 446 | . . 12 84 211 . . 61 163 . . 106 69 446 Average 237 | . 71 153 323 260 . 122 136 107 . . 148 431 456 Maximum Alert Level 3 | . . 1 2 2 . . 1 1 . . 1 3 2 Low Security (%) 46 | 100 100 60 9 6 . 100 71 82 . . 66 24 . Level 1 36 | . . 39 70 79 . . 28 17 . . 33 31 10 Level 2 12 | . . . 19 13 . . . . . . . 12 89 Level 3 4 | . . . . . . . . . . . . 31 . Level 4 . | . . . . . . . . . . . . . . Level 5 . | . . . . . . . . . . . . . . High Security . | . . . . . . . . . . . . . . Max Security . | . . . . . . . . . . . . . . Squads Dispatched 25 | . 4 . 2 . . . 5 5 . . 4 3 2 Investigation 12 | . 3 . . . . . . 4 . . 1 2 2 Extermination 3 | . . . . . . . . 1 . . 2 . . Reinforcement 5 | . 1 . 2 . . . 2 . . . . . . Assault 1 | . . . . . . . . . . . . 1 . Garrison 4 | . . . . . . . 3 . . . 1 . . Intercept . | . . . . . . . . . . . . . . Searches Triggered . | . . . . . . . . . . . . . . Construction Impeded 1 | . . . . . . . 1 . . . . . . Haulers Reinforced . | . . . . . . . . . . . . . . Active Scanning Responses . | . . . . . . . . . . . . . . Cargo Convoy Interrupts . | . . . . . . . . . . . . . . Stealth | -11 -10 -10 -9 -9 -9 -8 -8 -7 -7 -7 -6 -6 -6 --------- Run | Yrd Mat Min Mat Min Exi Min Mat Fac Low Low Fac Ext Cet Distress Signals 11 | . 1 . 2 . . . 1 . . . . 3 4 Communications Jammed . | . . . . . . . . . . . . . . Distress Signals . | . . . . . . . . . . . . . . Times Spotted 188 | . 21 8 41 12 . 3 19 9 4 5 11 36 19 Peak Tracking Total 7 | . 4 3 6 4 . 3 6 3 3 5 5 7 5 Tactical Retreats 9 | . . . 3 1 . . . . . . . 2 3 Traps | -11 -10 -10 -9 -9 -9 -8 -8 -7 -7 -7 -6 -6 -6 ------- Run | Yrd Mat Min Mat Min Exi Min Mat Fac Low Low Fac Ext Cet Traps Triggered 9 | . 3 . . . . . . 2 . . 3 1 . Indirectly . | . . . . . . . . . . . . . . Trap Hack Attempts . | . . . . . . . . . . . . . . Triggered . | . . . . . . . . . . . . . . Disarmed . | . . . . . . . . . . . . . . Reprogrammed . | . . . . . . . . . . . . . . Reused . | . . . . . . . . . . . . . . Traps Extracted . | . . . . . . . . . . . . . . Installed 4 | . . . . 4 . . . . . . . . . Triggered 3 | . . . . . . . . . 3 . . . . Objects Rigged 3 | . . . 3 . . . . . . . . . . Machines | -11 -10 -10 -9 -9 -9 -8 -8 -7 -7 -7 -6 -6 -6 ---------- Run | Yrd Mat Min Mat Min Exi Min Mat Fac Low Low Fac Ext Cet Machines Disabled 23 | . . 1 1 1 . . . . . . 6 10 4 Max in Single Turn 4 | . . 1 1 1 . . . . . . 4 1 1 Energy Cycler 2 | . . . . . . . . . . . . 2 . Machines Repaired . | . . . . . . . . . . . . . . Machines Dismantled . | . . . . . . . . . . . . . . Machines Sabotaged . | . . . . . . . . . . . . . . Overloaded Fab Kills . | . . . . . . . . . . . . . . Hacking | -11 -10 -10 -9 -9 -9 -8 -8 -7 -7 -7 -6 -6 -6 --------- Run | Yrd Mat Min Mat Min Exi Min Mat Fac Low Low Fac Ext Cet Machines Accessed 44 | . 7 . 8 . 5 . 4 4 . . 5 8 3 Terminals 31 | . 5 . 7 . . . 3 3 . . 2 8 3 Fabricators . | . . . . . . . . . . . . . . Repair Stations 2 | . 1 . . . . . . . . . 1 . . Recycling Units 4 | . 1 . . . . . . 1 . . 2 . . Scanalyzers 1 | . . . 1 . . . . . . . . . . Garrison Access 1 | . . . . . . . 1 . . . . . . Total Hacks 169 | . 32 . 34 . 50 . 8 10 . . 6 19 10 Successful 100 | . 18 . 16 . 50 . 1 4 . . 1 9 1 Failed 69 | . 14 . 18 . . . 7 6 . . 5 10 9 Catastrophic 10 | . 1 . 2 . . . 1 1 . . 3 . 2 Database Lockouts . | . . . . . . . . . . . . . . Manual 67 | . 23 . 27 . 1 . 6 5 . . 5 . . Terminals 96 | . 20 . 31 . . . 6 8 . . 2 19 10 Fabricators . | . . . . . . . . . . . . . . Repair Stations 8 | . 7 . . . . . . . . . 1 . . Recycling Units 10 | . 5 . . . . . . 2 . . 3 . . Scanalyzers 3 | . . . 3 . . . . . . . . . . Garrison Access 2 | . . . . . . . 2 . . . . . . Terminal Hacks 78 | . 5 . 10 . 50 . . 3 . . . 9 1 Record 53 | . . . . . 49 . . 2 . . . 1 1 Part Schematic 1 | . . . 1 . . . . . . . . . . Prototype ID Bank 4 | . 2 . 2 . . . . . . . . . . Open Door 6 | . . . . . . . . . . . . 6 . Branch Access Points 2 | . 1 . 1 . . . . . . . . . . Locate Traps 2 | . . . . . . . . 1 . . . 1 . Security Status 1 | . . . 1 . . . . . . . . . . Hauler Manifests 1 | . . . 1 . . . . . . . . . . Registered Components 1 | . . . 1 . . . . . . . . . . Zone Layout 6 | . 2 . 3 . . . . . . . . 1 . Derelict Proto ID Bank 1 | . . . . . 1 . . . . . . . . Fabricator Hacks . | . . . . . . . . . . . . . . Repair Station Hacks 6 | . 6 . . . . . . . . . . . . Scan Component 3 | . 3 . . . . . . . . . . . . Repair 3 | . 3 . . . . . . . . . . . . Recycling Unit Hacks 1 | . 1 . . . . . . . . . . . . Report Inventory 1 | . 1 . . . . . . . . . . . . Scanalyzer 2 | . . . 2 . . . . . . . . . . Insert Component 1 | . . . 1 . . . . . . . . . . Analyze 1 | . . . 1 . . . . . . . . . . Garrison Access Hacks . | . . . . . . . . . . . . . . Unauthorized Hacks 13 | . 6 . 4 . . . 1 1 . . 1 . . Terminals 9 | . 3 . 4 . . . 1 1 . . . . . Track 2 | . 1 . 1 . . . . . . . . . . Botnet 6 | . 2 . 2 . . . 1 1 . . . . . Detonate 1 | . . . 1 . . . . . . . . . . Fabricators . | . . . . . . . . . . . . . . Repair Stations . | . . . . . . . . . . . . . . Recycling Units 4 | . 3 . . . . . . . . . 1 . . Monitor 2 | . 1 . . . . . . . . . 1 . . Recyclers 1 | . 1 . . . . . . . . . . . . Mask 1 | . 1 . . . . . . . . . . . . Scanalyzers . | . . . . . . . . . . . . . . Garrison Access . | . . . . . . . . . . . . . . Data Cores Recovered . | . . . . . . . . . . . . . . Used . | . . . . . . . . . . . . . . Hacking Detections 36 | . 6 . 8 . . . 4 4 . . 5 7 2 Full Trace Events 12 | . 2 . 1 . . . 2 3 . . . 2 2 Feedback Events 1 | . . . . . . . . . . . . . 1 Corruption 1 | . . . . . . . . . . . . . 1 Feedback Blocked . | . . . . . . . . . . . . . . Robot Schematics Acquired . | . . . . . . . . . . . . . . Robots Built . | . . . . . . . . . . . . . . Authchips . | . . . . . . . . . . . . . . Time . | . . . . . . . . . . . . . . Total Robot Build Rating . | . . . . . . . . . . . . . . Part Schematics Acquired 2 | . . . 2 . . . . . . . . . . Parts Built . | . . . . . . . . . . . . . . Authchips . | . . . . . . . . . . . . . . Time . | . . . . . . . . . . . . . . Total Part Build Rating . | . . . . . . . . . . . . . . Parts Repaired 3 | . 3 . . . . . . . . . . . . Time 84 | . 84 . . . . . . . . . . . . Parts Recycled . | . . . . . . . . . . . . . . Recycled Matter . | . . . . . . . . . . . . . . Retrieved Matter . | . . . . . . . . . . . . . . Retrieved Components . | . . . . . . . . . . . . . . Parts Scanalyzed 1 | . . . 1 . . . . . . . . . . Part Schematics Acquired 1 | . . . 1 . . . . . . . . . . Parts Damaged . | . . . . . . . . . . . . . . Bothacking | -11 -10 -10 -9 -9 -9 -8 -8 -7 -7 -7 -6 -6 -6 ------------ Run | Yrd Mat Min Mat Min Exi Min Mat Fac Low Low Fac Ext Cet Used RIF Installer . | . . . . . . . . . . . . . . Robots Hacked . | . . . . . . . . . . . . . . Non-combat . | . . . . . . . . . . . . . . Combat . | . . . . . . . . . . . . . . Robot Hacks Applied . | . . . . . . . . . . . . . . Relay Couplers Released . | . . . . . . . . . . . . . . Fabnet Peak Effective % . | . . . . . . . . . . . . . . Robots Rewired 12 | . . . . . . . . . . . . 12 . Allies Hacked . | . . . . . . . . . . . . . . Hacks Repelled . | . . . . . . . . . . . . . . Allies | -11 -10 -10 -9 -9 -9 -8 -8 -7 -7 -7 -6 -6 -6 -------- Run | Yrd Mat Min Mat Min Exi Min Mat Fac Low Low Fac Ext Cet Total Allies 18 | . . . . 1 . . . . . . . 17 . Largest Group 10 | . . . . 1 1 . . . . . . 10 8 Highest-Rated Group 447 | . . . . 31 31 . . . . . . 447 377 Highest-Rated Ally 159 | . . . . 31 31 . . . . . . 159 159 Total Orders . | . . . . . . . . . . . . . . Ally Attacks 189 | . . . . . . . . . . . . 138 51 Total Damage 3894 | . . . . . . . . . . . . 2235 1659 Kills 32 | . . . . . . . . . . . . 21 11 Allies Corrupted . | . . . . . . . . . . . . . . Allies Melted . | . . . . . . . . . . . . . . Intel | -11 -10 -10 -9 -9 -9 -8 -8 -7 -7 -7 -6 -6 -6 ------- Run | Yrd Mat Min Mat Min Exi Min Mat Fac Low Low Fac Ext Cet Robot Analysis Total . | . . . . . . . . . . . . . . Derelict Logs Recovered 3 | . . 1 . 1 . . . . 1 . . . . Drone Launches . | . . . . . . . . . . . . . . Drone Recoveries . | . . . . . . . . . . . . . . Exploration | -11 -10 -10 -9 -9 -9 -8 -8 -7 -7 -7 -6 -6 -6 ------------- Run | Yrd Mat Min Mat Min Exi Min Mat Fac Low Low Fac Ext Cet Turns Passed 10727 | 82 1483 214 1986 854 370 47 599 1020 718 165 1213 1404 572 Spaces Moved 6037 | 46 722 109 968 492 231 19 389 502 589 107 874 743 246 Core 65 | 3 . . . . . . . . . . 1 . 61 Treads 2829 | 43 722 109 968 492 231 19 79 . . . . . 166 Legs 1316 | . . . . . . . . . . . 554 743 19 Wheels 1827 | . . . . . . . 310 502 589 107 319 . . Hover . | . . . . . . . . . . . . . . Flight . | . . . . . . . . . . . . . . Fastest Speed 50 | 50 160 160 160 160 160 160 105 120 120 120 120 120 50 Average Speed 144 | 152 160 160 160 160 160 160 122 120 120 120 121 153 183 Slowest Speed 950 | 160 240 160 160 160 160 160 160 120 120 120 950 190 305 Overloaded Moves . | . . . . . . . . . . . . . . Propulsion Burnouts . | . . . . . . . . . . . . . . Robots Hopped . | . . . . . . . . . . . . . . Cave-ins Triggered . | . . . . . . . . . . . . . . Exploration Rate (%) 50 | 3 96 32 78 97 61 16 35 20 83 14 22 74 71 Regions Visited 13 Branch Regions 8 Pre-discovered Areas 1 | . . . . . 1 . . . . . . . . Known Exits Taken 4 | . 1 . 1 . . . . . . . 1 1 . Unknown Exits Taken 9 | 1 . 1 . 1 1 1 1 1 1 1 . . . Scrap Searched 4 | . . 1 . 1 . . . . 1 1 . . . Spaces Dug . | . . . . . . . . . . . . . . Terrain Destroyed 233 | . . . . . . 47 19 7 5 8 47 100 . Melee . | . . . . . . . . . . . . . . Projectile 66 | . . . . . . . 19 7 5 8 7 20 . AOE 167 | . . . . . . 47 . . . . 40 80 . Terrain Rammed 3 | . . . . . . . . . . . . . 3 Walls Destroyed . | . . . . . . . . . . . . . . Machines Disabled . | . . . . . . . . . . . . . . Actions | -11 -10 -10 -9 -9 -9 -8 -8 -7 -7 -7 -6 -6 -6 --------- Run | Yrd Mat Min Mat Min Exi Min Mat Fac Low Low Fac Ext Cet Total 7477 | 55 936 127 1249 523 232 25 491 901 594 133 991 915 305 Wait 750 | . 57 4 143 . . . 49 364 . . 72 47 14 Move 6024 | 45 721 108 967 491 230 18 388 501 588 106 873 742 246 Hop . | . . . . . . . . . . . . . . Pick Up 55 | 4 14 1 7 1 1 . 11 5 . 4 6 . 1 Fast Attach 27 | 6 6 . . 2 . . 1 2 1 . 5 4 . Attach 23 | . 2 . 4 1 . . 2 3 . 3 4 3 1 Detach 2 | . . . . . . . . . . . 1 1 . Swap 71 | . 13 . 21 2 . . 4 2 . 3 6 13 7 Drop 76 | . 17 1 20 2 1 . 11 5 . 6 9 4 . Fire 369 | . 106 13 87 20 . 7 25 19 5 11 15 41 20 Melee 12 | . . . . . . . . . . . . . 12 Ram 3 | . . . . . . . . . . . . . 3 Kick . | . . . . . . . . . . . . . . Crush 1 | . . . . . . . . . . . . . 1 Escape Stasis 5 | . . . . . . . . . . . . 5 . Rewire 55 | . . . . . . . . . . . . 55 . Trap 4 | . . . . 4 . . . . . . . . . Miscellaneous . | . . . . . . . . . . . . . . Route ------- -11/Scrapyard -10/Materials (discovered 4 exits: *Mat x3 / *Min) -10/Mines -9/Materials (discovered 3 exits: *Mat x2 / *Min) -9/Mines (discovered 3 exits: *Mat x2 / *Exi) -9/Exiles -8/Mines -8/Materials -7/Factory -7/Lower Caves -7/Lower Caves -6/Factory (discovered 2 exits: *Ext x2) -6/Extension (discovered 2 exits: *Fac / *Cet) -6/Cetus (discovered 2 exits: *Fac / [*Arc]) History --------- Turn | Location | Event 4 | -11/Scrapyard | Discovered new exit (range 15) 83 | -11/Scrapyard | Entered Materials 277 | -10/Materials | Discovered new exit (range 14) 329 | -10/Materials | Build established: Mutant 417 | -10/Materials | Identified exit to Mines 751 | -10/Materials | Discovered new exit (range 16) 984 | -10/Materials | Discovered new exit (range 14) 1221 | -10/Materials | Repaired Lgt. Treads 1248 | -10/Materials | Repaired Lgt. Treads 1282 | -10/Materials | Repaired Particle Cannon 1566 | -10/Materials | Entered Mines 1586 | -10/Mines | Learned Materials emergency access door positions 1731 | -10/Mines | Discovered new exit (range 12) 1780 | -10/Mines | Entered Materials 1780 | -9/Materials | Evolved 2 slots: Utility x2 2121 | -9/Materials | Build established: Scavenger-Mutant 2262 | -9/Materials | Identified exit to Mines 2264 | -9/Materials | Discovered new exit (range 16) 3066 | -9/Materials | Discovered new exit (range 8) 3766 | -9/Materials | Entered Mines 3766 | -9/Mines | Discovered new exit (range 15) 3785 | -9/Mines | Met a Derelict bent on vengeance 4062 | -9/Mines | Discovered new exit (range 3) 4123 | -9/Mines | Found a hidden stash of uninstalled traps 4137 | -9/Mines | Assembled infested the area 4420 | -9/Mines | Learned Materials interactive machine intel 4557 | -9/Mines | Received a Mining Laser from a helpful Derelict 4614 | -9/Mines | Deemed a non-threat by the Exiles lab entrance 4614 | -9/Mines | Discovered new exit (range 5) 4620 | -9/Mines | Entered Exiles 4620 | -9/Exiles | Accompanied by 1 ally 4659 | -9/Exiles | Met 8R-AWN 4686 | -9/Exiles | Met EX-HEX 4734 | -9/Exiles | Met EX-BIN 4752 | -9/Exiles | Aligned with FarCom system 4753 | -9/Exiles | Given EX-Vault access code 4822 | -9/Exiles | Opened EX-Vault 4835 | -9/Exiles | Found AWS/Gauss 4872 | -9/Exiles | Warned to stay clear of 0b10 Research branches 4918 | -9/Exiles | Met EX-DEC 4924 | -9/Exiles | Learned location of Zion (-7) 4971 | -9/Exiles | Discovered new exit (range 14) 4990 | -9/Exiles | Left Exiles lab with AWS/Gauss 4990 | -9/Exiles | Entered Mines 4993 | -8/Mines | Discovered new exit (range 13) 5037 | -8/Mines | Entered Materials 5037 | -8/Materials | Evolved 2 slots: Utility x1, Weapon x1 5038 | -8/Materials | Loaded intel: 19 interactive machine locations 5342 | -8/Materials | Build established: Scavenger-Skirmisher 5377 | -8/Materials | Garrison activated, responded to threat 5448 | -8/Materials | Destroyed 8 combat bots 5549 | -8/Materials | Discovered new exit (range 16) 5636 | -8/Materials | Entered Factory 5636 | -7/Factory | Evolved 2 slots: Utility x2 5930 | -7/Factory | Build established: Scavenger-Tank 6639 | -7/Factory | Discovered new exit (range 6) 6656 | -7/Factory | Entered Lower Caves 6969 | -7/Lower Caves | Encountered a Warlord checkpoint 7353 | -7/Lower Caves | Discovered new exit (range 15) 7374 | -7/Lower Caves | Entered another Lower Caves area 7393 | -7/Lower Caves | AWS/Gauss suddenly broke down 7522 | -7/Lower Caves | Discovered new exit (range 14) 7539 | -7/Lower Caves | Entered Factory 7539 | -6/Factory | Evolved 2 slots: Propulsion x1, Utility x1 7540 | -6/Factory | Identified exit to Extension 8045 | -6/Factory | Garrison activated, responded to threat 8262 | -6/Factory | Build established: Scavenger-Gunner 8725 | -6/Factory | Discovered exit to Extension (range 14) 8752 | -6/Factory | Entered Extension 8767 | -6/Extension | Disrupted transfer network 8930 | -6/Extension | Rescued a captive Derelict 9160 | -6/Extension | Spotted B-75 Beast 9253 | -6/Extension | Spotted B-75 Beast 9261 | -6/Extension | Allies destroyed B-75 Beast 9278 | -6/Extension | Allies destroyed B-75 Beast 9289 | -6/Extension | Lost 4 allies 9393 | -6/Extension | Rescued a captive Derelict 9490 | -6/Extension | Rescued a captive Derelict 9492 | -6/Extension | Rescued a captive Derelict 9523 | -6/Extension | Energy Cycler disabled 9524 | -6/Extension | Rescued a captive Derelict 9525 | -6/Extension | Rescued a captive Derelict 9526 | -6/Extension | Rescued a captive Derelict 9806 | -6/Extension | Rescued A7 9816 | -6/Extension | Discovered new exit (range 10) 9818 | -6/Extension | Discovered new exit (range 6) 9831 | -6/Extension | Identified exit to Cetus 9837 | -6/Extension | Identified exit to Factory 10016 | -6/Extension | Build established: Commander-Mutant 10152 | -6/Extension | First assault squad dispatched 10156 | -6/Extension | Entered Cetus 10156 | -6/Cetus | Accompanied by 8 allies (A7) 10161 | -6/Cetus | Acquired a Cetus Manufacturing Module code from A7 10181 | -6/Cetus | Spotted Cetus Guard 10181 | -6/Cetus | Spotted Cetus Guard 10187 | -6/Cetus | Spotted Cetus Guard 10187 | -6/Cetus | Spotted Cetus Guard 10199 | -6/Cetus | Destroyed Cetus Guard 10205 | -6/Cetus | Allies destroyed Cetus Guard 10214 | -6/Cetus | Allies destroyed Cetus Guard 10223 | -6/Cetus | Allies destroyed Cetus Guard 10238 | -6/Cetus | Lost 6 allies 10365 | -6/Cetus | Build established: Scavenger-Mutant 10528 | -6/Cetus | Discovered new exit (range 16) 10581 | -6/Cetus | Spotted Cetus Guard 10595 | -6/Cetus | Extracted ID and sensor layout for unrecognized location from A7's data core 10597 | -6/Cetus | Spotted Cetus Guard 10600 | -6/Cetus | Spotted Cetus Guard 10600 | -6/Cetus | Spotted Cetus Guard 10695 | -6/Cetus | Released all parts (11) 10697 | -6/Cetus | Core integrity fell below 50% 10713 | -6/Cetus | Core integrity fell below 20% 10723 | -6/Cetus | Discovered exit to Factory (range 16) 10728 | -6/Cetus | Destroyed by Cetus Guard with Advanced KE Penetrator Last Messages --------------- 10695_ Released Med. Storage Unit. 10695_ Released Structural Scanner. 10695_ Released Adv. Targeting Computer. 10695_ Released Adv. Signal Interpreter. 10695_ Released Lyr. Medium Armor Plating. 10695_ Released Hacking Suite. 10695_ Released Hvy. Laser. 10695_ Released Bore Cannon. 10695_ Released Centrium Medium Armor Plating. 10695_ Slammed into Wall. 10695_ Destabilizing: Core damaged (-42). 10696_ Slammed into Wall. 10696_ Destabilizing: Core damaged (-34). 10697_ Slammed into Wall. 10697_ Destabilizing: Core damaged (-25). 10698_ Acquired 4 matter. 10699_ Slug penetrates Wall. 10700_ Penetrated by Slug. 10723_ EXIT=FOUND: FACTORY 10725_ Penetrated by Slug. Map ----- +----------------------------------------------------+ | | | | | | | | | | | | | | | | | | | | | | | | | | | | | | | ??????????????????????????????????????????? | | ??????????????????????????????????????????? | | ??????????????????????????????????????????? | | ????????????????????????#####?????????????? | | ????????????????????????# #?????????????? | | ????????????????????????# < #?????????????? | | ????????????????????????# #?????????????? | | ????????????????????????# #?????????????? | | ???????????????????????## ##????????????? | | ???????????????????????# #????????????? | | ???????????????????????# @w #????????????? | | ???????????????????????# #????????????? | | ???????????????????????##Y Y##????????????? | | ???????????????????????## ##????????????? | | ???????????????????????## ##????????????? | | ???????????????????????#; ##????????????? | | ???????????????????????## ##????????????? | | ???????????????????????## ##????????????? | | ???????????????????????#; ##????????????? | | ???????????????????????#; ##????????????? | | ??????????????????????##; ##????????????? | | ??????????????????????### ##????????????? | | ??????????????????????##" ##????????????? | | ???????????????????????## ##????????????? | | ???????????????????????#"[ ##????????????? | | ???????????????????????##*! ##????????????? | | ??????????????????????###%! ##????????????? | | ??????????????????????### ! ##????????????? | | ??????????????????????##"= ##????????????? | | ??????????????????????### ##????????????? | | ??????????????????????### ##????????????? | | ?????####?????????????##" ##????????????? | | "???"###?????????????### ##????????????? | | "" " #""""""##???????### ##????????????? | | """"""#"#######????????## ##????????????? | +----------------------------------------------------+ Best States ------------- Heat Dissipation 52 Energy Generation 19 Energy Capacity 315 Matter Stores 300 Matter Capacity 300 Sight Range 16 Terrain Scan Density 10 Armor Coverage 600 Resistance: KI 20 Resistance: TH 15 Core Shielding 20 Weapon Shielding 66 Evasion (%) 55 Targeting Accuracy 8 Core Analysis 6 Recoil Reduction 4 Matter Filtering 50 Kinecelleration 30 Offensive Hacking 10 Item Schematics ----------------- Lgt. Treads | -9/Materials | Hacked Imp. Grenade Launcher | -9/Materials | Scanalyzed Robot Schematics ------------------ None Fabricated ------------ Nothing Alien Tech Used ----------------- None Achievements -------------- Prison Break Challenges ------------ None Game ------ Seed ThunderNeutrinoScreen Manual? 0 Play Time 01:45:48 Cumulative 35.4 hours Start 2024.10.13 @ 17:00:59 End 2024.10.13 @ 18:52:03 Sessions 1 Manual Loads 0 Difficulty Rogue Special Mode None Game No. 137 Rogue 137 Adventurer 0 Explorer 0 Win Type - Total 0 Types 0/0/0/0/0/0/0/0/0 Lore% 45 Gallery% 31 Achievement% 34 Wizard Run 0 Options --------- Layout 0 ASCII 0 Keyboard 0 Movement Arrows Keybinds 0 Fullscreen 1 Font 24/Terminus Map View 64x52 Zoom Use 0% Tactical HUD 1 Map Filters NONE Filters NONE Steam 1 RUN: be18e8b3-829e-4e7a-839f-b60ee0356392